AoeStats
← NPG | NUNCAPUEDOGANAR

Arabian Desert

510298521Analyzed
1v1 RM · 1d ago on Sep 30, 2026· 35m 49s· 2 players
Game mode
Random Map
Map size
Tiny (2 player)
Population
200
Speed
Normal
Resources
Standard
Victory
Conquest
Starting age
Dark Age
Ending age
Imperial Age
RankedLock teamsTeams togetherTeam positionsShared explorationLock speedFull tech treeHidden civsTurbo modeCheats
Victory
Defeat
770
+16
🇫🇷 Franks · France
779
-16
NPG | NUNCAPUEDOGANAR
5:53 Loom
9:41 Feudal Age
10:52 Double-Bit Axe
14:28 Bloodlines
22:27 Castle Age
23:39 Wheelbarrow
25:57 Bow Saw
26:13 Forging
26:11 Scale Barding Armor
26:37 Fletching
29:14 Thumb Ring
29:55 Iron Casting
29:41 Chain Barding Armor
33:16 Thumb Ring
TekilaKila
5:17 Loom
10:33 Feudal Age
14:28 Double-Bit Axe
22:38 Castle Age
22:12 Forging
22:04 Scale Mail Armor
24:15 Bow Saw
24:57 Town Watch
25:49 Wheelbarrow
27:47 Husbandry
27:13 Pikeman
29:05 Squires
33:43 Scale Barding Armor
33:55 Chain Mail Armor
34:42 Gold Mining
Connection lost

Rejoining the realm…

Still unreachable

The connection could not be restored.

Session expired

The server has moved on; the page needs a fresh start.